 Dungeon Crawl Stone Soup version 0.24.0-29-g8ce449bc06 (webtiles) character file.

Game seed: 2522616192057165206, levelgen mode: deterministic

2837 Johnny the Carver (level 9, -1/120 HPs)
             Began as a Troll Berserker on Nov 14, 2019.
             Was an Elder of Trog.
             Slain by a two-headed ogre
             ... wielding a +0 giant club
              (19 damage)
             ... on level 8 of the Dungeon.
             The game lasted 00:08:14 (5385 turns).

Johnny the Carver (Troll Berserker)                 Turns: 5385, Time: 00:08:14

Health: -1/120     AC:  6    Str: 35    XL:     9   Next: 46%
Magic:  0/17       EV: 10    Int:  5    God:    Trog [****..]
Gold:   365        SH:  0    Dex:  4    Spells: 8/8 levels left

rFire    + . .     SeeInvis .   y - +0 scimitar
rCold    . . .     Gourm    +   (no shield)
rNeg     . . .     Faith    .   r - +0 robe
rPois    .         Spirit   +   (helmet restricted)
rElec    .         Reflect  .   F - scarf {Spirit}
rCorr    .         Harm     .   (gloves unavailable)
MR       .....                  (boots unavailable)
Stlth    ..........             G - amulet of the acrobat
HPRegen  0.70/turn              H - ring of Hoiff {+Fly rF+ Int+2 Dex-5 Stlth+}
MPRegen  0.15/turn              D - ring of magical power

@: berserking, very quick
A: large, unfitting armour, claws 3, fast metabolism 3, gourmand, regeneration
1, shaggy fur 1, tough skin 3
a: Berserk, Trog's Hand, Brothers in Arms, Renounce Religion, Evoke Flight


You were on level 8 of the Dungeon.
You worshipped Trog.
Trog was greatly pleased with you.
You were not hungry.

You visited 1 branch of the dungeon, and saw 8 of its levels.

You collected 473 gold pieces.
You spent 108 gold pieces at shops.

Inventory:

Hand Weapons
 a - a +0 falchion
 y - a +0 scimitar (weapon)
 A - a -3 long sword
Missiles
 x - 3 throwing nets (quivered)
Armour
 r - a +0 robe (worn)
 F - a scarf of spirit shield (worn)
Jewellery
 i - an uncursed ring of protection from fire
 D - a ring of magical power (right claw)
 E - an uncursed ring of poison resistance
 G - an amulet of the acrobat (around neck)
 H - the ring of Hoiff (left claw) {+Fly rF+ Int+2 Dex-5 Stlth+}
   (You found it on level 6 of the Dungeon)

   [ring of intelligence]

   It affects your intelligence (+2).
   It affects your dexterity (-5).
   It protects you from fire.
   It lets you fly.
   It makes you more stealthy.
 M - a +6 ring of strength {unknown}
Wands
 b - a wand of iceblast (1)
 L - a wand of random effects (14)
Scrolls
 d - 2 scrolls of amnesia
 e - 5 scrolls of immolation
 g - 2 scrolls of noise
 h - 3 scrolls of fog
 k - a scroll of random uselessness
 p - a scroll of teleportation
 s - a scroll of enchant armour
 v - a scroll of enchant weapon
 B - 2 scrolls of magic mapping
 I - a scroll of remove curse
Potions
 f - 9 potions of curing
 j - a potion of heal wounds
 l - 2 potions of berserk rage
 m - a potion of magic
 n - 2 potions of agility
 o - 2 potions of degeneration {unknown}
 q - 2 potions of brilliance
 t - 2 potions of lignification {unknown}
 u - 2 potions of flight {unknown}
 w - 2 potions of cancellation {unknown}
 z - 2 potions of might
 C - a potion of mutation {unknown}
 K - a potion of haste {unknown}
Comestibles
 c - 14 rations


   Skills:
 - Level 2.4 Fighting
 * Level 9.4 Long Blades
 + Level 6.8 Dodging


You had 8 spell levels left.
You didn't know any spells.
Your spell library contained the following spells:

 Spells                   Type           Power        Failure   Level  Hunger
 Corona                   Hex            #......      47%         1    ##.....
 Ensorcelled Hibernation  Hex/Ice        #.....       63%         2    ###....
 Throw Frost              Conj/Ice       #.....       63%         2    ###....
 Confuse                  Hex            #.......     85%         3    ####...
 Dazzling Spray           Conj/Hex       #.....       85%         3    ####...
 Ozocubu's Armour         Chrm/Ice       #.......     85%         3    ####...
 Tukima's Dance           Hex            #.......     85%         3    ####...
 Summon Ice Beast         Ice/Summ       #.......     99%         4    #####..
 Metabolic Englaciation   Hex/Ice        #.........   100%        5    ######.
 Silence                  Hex/Air        #.........   100%        5    ######.


Dungeon Overview and Level Annotations

Branches:
Dungeon (8/15)             Temple (0/1) D:4
   Lair: D:8-11

Altars:
Ashenzari
Dithmenos
Elyvilon
Fedhas
Gozag
Hepliaklqana
Sif Muna
Trog
Yredelemnul

Shops:
D:5 *


Innate Abilities, Weirdness & Mutations

You are too large for most types of armour.
You have claws for hands.
Your metabolism is lightning-fast.
You like to eat raw meat.
Your natural rate of healing is unusually fast.
You are covered in fur. (AC +1)
You have extremely tough skin. (AC +3)


Message History

The two-headed ogre closely misses you.
A jackal comes into view.
A red film seems to cover your vision as you go berserk!
You feel yourself moving faster!
You feel mighty!
You feel a lot more hungry.
The jackal barks!
Something shouts, "Quit, thou unhinged moldwarp dandiprat!"
You hear a bark!
You slash the two-headed ogre!
The two-headed ogre is lightly wounded.
The two-headed ogre hits you with a +0 giant club!!
The two-headed ogre hits you with a +0 giant spiked club!!
* * * LOW HITPOINT WARNING * * *
You slash the two-headed ogre!
The two-headed ogre is heavily wounded.
You hit the two-headed ogre but do no damage.
The two-headed ogre is heavily wounded.
The two-headed ogre hits you with a +0 giant club!
* * * LOW HITPOINT WARNING * * *
The two-headed ogre hits you with a +0 giant spiked club!!
You die...

##+## .
##...##
#.##.....##
#.#.._...?##
##.........)#
...h........#
#.....O....#
#...@...#
##.....##
##...## ##'##
#.# #.# ##.##
####...##
#.......#


You could see a two-headed ogre and a jackal.

Vanquished Creatures
  2 hungry ghosts
  A water moccasin (D:6)
  2 orc warriors
  2 ice beasts
  2 phantoms
  2 ogres
  A centaur (D:6)
  A big kobold (D:4)
  2 bullfrogs
  A water moccasin zombie (D:4)
  3 scorpions
  3 killer bees (D:8)
  3 wights (D:6)
  A howler monkey (D:5)
  2 bullfrog skeletons (D:4)
  3 orc priests
  4 hounds
  6 orc wizards
  Ijyb (D:3)
  4 iguanas
  7 worker ants
  A killer bee zombie (D:7)
  2 hound skeletons
  2 worker ant zombies
  6 adders
  A shadow imp (D:7)
  An ooze (D:3)
  An adder zombie (D:6)
  A worm (D:3)
  2 dart slugs
  4 leopard geckos
  24 orcs
  A ball python (D:5)
  7 bats
  2 giant cockroaches (D:2)
  8 hobgoblins
  2 jackals (D:1)
  6 quokkas
  5 frilled lizards
  4 goblins
  A jackal zombie (D:8)
  12 kobolds
  9 rats
155 creatures vanquished.

Vanquished Creatures (others)
  A plant (D:4)
1 creature vanquished.

Grand Total: 156 creatures vanquished

Notes
Turn   | Place    | Note
-------+----------+-------------------------------------------
     0 | D:1      | Johnny the Troll Berserker began the quest for the Orb.
     0 | D:1      | Reached XP level 1. HP: 22/22 MP: 0/0
   335 | D:1      | Reached XP level 2. HP: 29/29 MP: 1/1
   495 | D:1      | Reached skill level 3 in Long Blades
   997 | D:2      | Found a blossoming altar of Fedhas.
  1057 | D:2      | Reached XP level 3. HP: 30/36 MP: 2/2
  1233 | D:2      | Reached ** piety under Trog
  1246 | D:2      | Found a shimmering blue altar of Sif Muna.
  1567 | D:3      | Noticed a bullfrog
  1578 | D:3      | Killed a bullfrog
  1578 | D:3      | Reached skill level 4 in Long Blades
  1578 | D:3      | Reached XP level 4. HP: 26/44 MP: 3/3
  1587 | D:3      | Found a white marble altar of Elyvilon.
  1867 | D:3      | Found a hazy altar of Hepliaklqana.
  1952 | D:3      | Noticed Ijyb
  1966 | D:3      | Killed Ijyb
  1966 | D:3      | Reached XP level 5. HP: 50/50 MP: 4/4
  2039 | D:4      | HP: 1/50 [poisoned by a scorpion]
  2127 | D:4      | Reached XP level 6. HP: 59/59 MP: 5/5
  2154 | D:4      | Reached skill level 5 in Long Blades
  2255 | D:4      | Noticed a hungry ghost
  2269 | D:4      | Killed a hungry ghost
  2273 | D:4      | Reached XP level 7. HP: 66/66 MP: 6/6
  2294 | D:4      | Found a staircase to the Ecumenical Temple.
  2422 | D:4      | Reached *** piety under Trog
  2456 | D:4      | Reached skill level 6 in Long Blades
  2534 | D:4      | Found a bloodstained altar of Trog.
  2565 | D:4      | Found a shadowy altar of Dithmenos.
  2708 | D:4      | Reached skill level 5 in Dodging
  2908 | D:5      | Entered Level 5 of the Dungeon
  3086 | D:5      | Reached XP level 8. HP: 57/74 MP: 7/7
  3201 | D:5      | Reached skill level 7 in Long Blades
  3291 | D:5      | Found Abliqaem's General Store.
  3583 | D:5      | Reached **** piety under Trog
  3685 | D:5      | Bought a scroll of identify for 24 gold pieces
  3685 | D:5      | Bought a potion of curing for 36 gold pieces
  3685 | D:5      | Bought a scroll of fog for 24 gold pieces
  3685 | D:5      | Bought a scroll of identify for 24 gold pieces
  3922 | D:6      | Reached skill level 8 in Long Blades
  4105 | D:6      | Got a scintillating jade ring
  4206 | D:6      | Identified the ring of Hoiff {+Fly rF+ Int+2 Dex-5 Stlth+}
                  | (You found it on level 6 of the Dungeon)
  4245 | D:6      | Reached XP level 9. HP: 53/80 MP: 8/8
  4324 | D:6      | Found a basalt altar of Yredelemnul.
  4369 | D:7      | Found a shattered altar of Ashenzari.
  4456 | D:7      | Reached skill level 9 in Long Blades
  4499 | D:7      | Identified the Volume of Gliding Snow
  5377 | D:8      | Found an opulent altar of Gozag.
  5377 | D:8      | Noticed a two-headed ogre
  5385 | D:8      | Slain by a two-headed ogre

Levels and vault maps discovered:
D:1:      saegor_arrival_under_anarchy, layout_basic
D:2:      layout_basic, lemuel_coloured_pillars_altar, old_standard_altar
D:3:      layout_basic, marbit_many_paths, lemuel_doored_altar, uniq_ijyb
D:4:      layout_rooms, kennysheep_mini_moat, overflow_temple_1_default,
          minmay_temple_entry_statues_fountains, first_ration,
          lexackson_kobold_supper
D:5:      layout_gridville, serial_shops, shop
D:6:      layout_cave_pools, kennysheep_mini
D:7:      layout_gridville, evilmike_ruin_ashenzari
D:8:      layout_loops_corners, overflow_temple_1_default,
          kennysheep_little_box, hangedman_pestilent_swarm

Skill      XL: |  1  2  3  4  5  6  7  8  9 |
---------------+----------------------------+-----
Long Blades    | 3 4 5 6 8 9 |  9.4
Dodging        | 3 4 5 6 |  6.8
Fighting       | |  2.4

Action                   |  1- 3 |  4- 6 |  7- 9 || total
-------------------------+-------+-------+-------++-------
Melee: Falchion          |   127 |   113 |    71 ||   311
       Scimitar          |       |       |   307 ||   307
Invok: Berserk           |     1 |     3 |     9 ||    13
       Trog's Hand       |     1 |     1 |       ||     2
Evoke: Wand              |       |     9 |     3 ||    12
  Use: Potion            |       |     1 |       ||     1
       Scroll            |       |       |    15 ||    15
 Stab: Sleeping          |       |     1 |     2 ||     3
  Eat: Chunk             |    11 |    13 |    44 ||    68
       Ration            |       |     2 |     2 ||     4
Armor: Animal skin       |    76 |     6 |       ||    82
       Robe              |       |    30 |   110 ||   140
Dodge: Dodged            |    89 |    48 |   205 ||   342
       Rpst.: Falchion   |    28 |    19 |    16 ||    63
       Scimitar          |       |       |    47 ||    47
       Long sword        |       |       |     1 ||     1
